 Dungeon Crawl Stone Soup version 0.23.1 (webtiles) character file.

Game seed: 7691845852865321590

268 Freyura the Covered (level 6, 0/39 HPs)
             Began as a Gargoyle Fighter on Mar 7, 2019.
             Killed by nerve-wracking pain
             ... invoked by Menkaure
              (5 damage)
             ... on level 4 of the Dungeon.
             The game lasted 00:08:22 (2479 turns).

Freyura the Covered (Gargoyle Fighter)              Turns: 2479, Time: 00:08:22

Health: 0/39       AC: 14    Str: 20    XL:     6   Next: 21%
Magic:  15/15      EV:  5    Int:  8    God:
Gold:   151        SH: 10    Dex: 11    Spells: 5/5 levels left

rFire    . . .     SeeInvis .   h - +1 whip
rCold    + . .     Gourm    .   c - +1 shield
rNeg     + . .     Faith    .   o - +0 chain mail
rPois    ∞         Spirit   .   (no helmet)
rElec    +         Reflect  .   (no cloak)
rCorr    .         Harm     .   (no gloves)
MR       .....                  (no boots)
Stlth    ..........             (no amulet)
HPRegen  0.13/turn              k - ring of magical power
MPRegen  0.14/turn              i - ring of protection from cold

@: no status effects
A: negative energy resistance 1, electricity resistance, unbreathing,
petrification resistance, rot immunity, AC +4
a: no special abilities


You were on level 4 of the Dungeon.
You were not hungry.

You visited 1 branch of the dungeon, and saw 4 of its levels.

You collected 151 gold pieces.

Inventory:

Hand Weapons
 h - a +1 whip (weapon)
Armour
 b - a +0 scale mail
 c - a +1 shield (worn)
 o - a +0 chain mail (worn)
Jewellery
 i - a ring of protection from cold (right hand)
 k - a ring of magical power (left hand)
Scrolls
 a - 3 scrolls of teleportation
 j - a scroll of identify
 p - a scroll of amnesia
 q - a scroll of remove curse
Potions
 d - 2 potions of might
 e - a potion of invisibility
 g - 2 potions of haste
 l - a potion of heal wounds
 m - a potion of flight {unknown}
 n - a potion of curing {unknown}
Comestibles
 f - 5 rations


   Skills:
 + Level 4.4 Fighting
 * Level 4.2 Maces & Flails
 + Level 4.4 Armour
 + Level 4.4 Shields


You had 5 spell levels left.
You didn't know any spells.
Your spell library was empty.

Dungeon Overview and Level Annotations

Branches:
Dungeon (4/15)
 Temple: D:4-7

Altars:
Nemelex Xobeh
Xom

Annotations:
D:4 Menkaure


Innate Abilities, Weirdness & Mutations

You are resistant to torment.
Your stone body is resilient. (AC +4)
You are immune to poison.
You resist negative energy. (rN+)
You are resistant to electric shocks. (rElec)
You can survive without breathing.
You are immune to petrification.
You are immune to rotting.


Message History

You hit Menkaure.
Menkaure is lightly damaged.
You hit Menkaure.
Menkaure is moderately damaged.
You block Menkaure's attack.
You hit Menkaure.
Menkaure is heavily damaged.
Menkaure completely misses you.
You hit Menkaure.
Menkaure is severely damaged.
Menkaure barely misses you.
You hit Menkaure.
Menkaure is almost destroyed.
Menkaure hits you!
* * * LOW HITPOINT WARNING * * *
You hit Menkaure but do no damage.
Menkaure is almost destroyed.
Menkaure casts a spell at you. Pain shoots through your body!
You die...

###############.##
...............(.#
.##...##.........#####
..'...##.............#
.##...##.............#
.##...########.#.....#
.##...# #.#.....#
.##...# #.#.....#
.###### #.#@....# ..
#.#M)...# .. #.#.....#
.. #.#.....#
#.##...... .......
....... .)....?


You could see Menkaure.

Vanquished Creatures
  A phantom (D:4)
  A scorpion (D:4)
  2 worker ants
  An adder (D:2)
  2 oozes
  An adder skeleton (D:4)
  3 worms (D:2)
  2 dart slugs
  3 leopard geckos (D:2)
  2 orcs
  4 giant cockroaches
  5 goblins
  6 hobgoblins
  3 jackals (D:1)
  A ball python (D:3)
  7 bats
  3 frilled lizards
  4 kobolds (D:2)
  6 rats (D:1)
57 creatures vanquished.

Notes
Turn   | Place    | Note
-------+----------+-------------------------------------------
     0 | D:1      | Freyura the Gargoyle Fighter began the quest for the Orb.
     0 | D:1      | Reached XP level 1. HP: 14/14 MP: 1/1
    43 | D:1      | Reached XP level 2. HP: 1/19 MP: 2/2
   394 | D:1      | You fall through a shaft!
   519 | D:2      | Reached XP level 3. HP: 23/23 MP: 3/3
  1160 | D:2      | Reached XP level 4. HP: 29/29 MP: 4/4
  1208 | D:2      | Found a sparkling altar of Nemelex Xobeh.
  1574 | D:3      | Found a shimmering altar of Xom.
  2205 | D:4      | Noticed a phantom
  2220 | D:4      | Reached XP level 5. HP: 33/33 MP: 5/5
  2260 | D:4      | Killed a phantom
  2260 | D:4      | Reached XP level 6. HP: 18/39 MP: 6/6
  2468 | D:4      | Noticed Menkaure
  2479 | D:4      | Killed from afar by Menkaure

Skill      XL: |  1  2  3  4  5 |
---------------+----------------+-----
Maces & Flails | 3 4 |  4.2
Fighting       | 4 |  4.4
Armour         | 4 |  4.4
Shields        | 4 |  4.4

Action                   |  1- 3 |  4- 6 || total
-------------------------+-------+-------++-------
Melee: Flail             |    35 |       ||    35
       Whip              |   150 |   159 ||   309
  Use: Scroll            |     4 |     6 ||    10
  Eat: Ration            |     2 |       ||     2
Armor: Scale mail        |   104 |       ||   104
       Chain mail        |    22 |    69 ||    91
Dodge: Dodged            |    71 |    18 ||    89
Block: Shield            |   128 |    74 ||   202
